Map: Ruins of Endion

Players

Fire - Winner!

  • Race: Terran Terran
  • League: Grandmaster

Miszu

  • Race: Terran Terran
  • League: Master

VOD

Have the link to the VOD?

Description

Time

  • Played on: May 1, 2016, 2:06 p.m.
  • Length: 7:55
Show
View Real Time Build Order
Export as new Build Order

Fire Terran - Winner!

Build Orders:  

Get SALT Encoding   

  12  0:01  SCV  
  13  0:13  SCV  
  14  0:17  Supply Depot  
  14  0:25  SCV  
  15  0:39  SCV  
  15  0:40  Barracks  
  16  0:44  Refinery  
  16  0:51  SCV  
  17  1:03  SCV  
  18  1:15  SCV  
  19  1:29  Orbital Command  
  19  1:30  Barracks Reactor  
  19  1:46  Command Center  
  19  1:55  Supply Depot  
  19  1:56  SCV  
  20  2:05  Factory  
  21  2:08  SCV  
  21  2:12  Marine  
  21  2:14  Marine  
  23  2:19  Refinery  
  23  2:23  SCV  
  24  2:30  Marine  
  24  2:31  Marine  
  24  2:35  SCV  
  27  2:47  Marine  
  27  2:48  Factory Tech Lab  
  27  2:49  Marine  
  27  2:50  SCV  
  30  2:57  Orbital Command  
  30  3:02  SCV  
  30  3:05  Marine  
  31  3:07  Marine, Cyclone  
  36  3:15  SCV  
  36  3:17  Starport  
  37  3:23  SCV  
  37  3:25  Supply Depot  
  38  3:28  Marine x2  
  38  3:31  SCV  
  41  3:39  SCV  
  41  3:46  SCV  
  42  3:49  Marine x2  
  42  3:51  SCV  
  42  3:52  Supply Depot  
  45  3:58  SCV  
  42  4:11  Raven, SCV  
  44  4:19  Marine x2  
  44  4:20  SCV  
  44  4:23  SCV  
  47  4:32  SCV, Factory Tech Lab  
  47  4:35  SCV  
  47  4:37  Marine x2  
  51  4:41  Supply Depot  
  51  4:44  SCV  
  52  4:47  SCV  
  53  4:55  Supply Depot  
  53  4:56  SCV  
  53  4:59  SCV  
  53  5:02  Siege Tank  
  56  5:08  SCV  
  57  5:14  Command Center  
  57  5:20  Marine, SCV  
  57  5:21  Stimpack  
  59  5:27  SCV  
  59  5:32  SCV  
  60  5:36  Refinery  
  60  5:37  Siege Tank  
  60  5:39  Engineering Bay  
  60  5:42  SCV  
  64  5:44  SCV  
  64  5:47  Marine  
  64  5:54  SCV  
  64  5:56  SCV  
  65  5:57  Medivac  
  65  6:01  Medivac  
  68  6:06  SCV  
  68  6:08  Refinery, SCV  
  67  6:18  SCV  
  67  6:20  SCV  
  67  6:24  Supply Depot  
  69  6:26  Marine  
  69  6:30  SCV  
  72  6:32  SCV  
  72  6:41  Siege Tank  
  72  6:43  SCV  
  72  6:45  Starport Reactor, SCV  
  77  6:49  Marine  
  77  6:51  Barracks  
  77  6:54  Barracks, SCV  
  79  6:55  SCV  
  79  6:57  SCV  
  81  7:07  Marine, SCV  
  83  7:09  SCV  
  83  7:10  Orbital Command  
  83  7:13  Siege Tank  
  87  7:18  Barracks x2, Missile Turret  
  87  7:19  SCV  
  87  7:21  SCV  
  89  7:24  Marine  
  83  7:31  SCV  
  83  7:33  SCV  
  82  7:38  SCV  
  84  7:48  Starport Reactor  
Show
View Real Time Build Order
Export as new Build Order

Miszu Terran 

Build Orders: 1/1/1, Banshee Rush 

Get SALT Encoding   

  12  0:00  SCV  
  13  0:13  SCV  
  14  0:18  Supply Depot  
  14  0:25  SCV  
  15  0:39  SCV  
  15  0:41  Refinery  
  16  0:45  Barracks  
  16  0:51  SCV  
  16  0:54  Refinery  
  17  1:03  SCV  
  18  1:16  SCV  
  19  1:29  SCV  
  20  1:38  Factory  
  20  1:41  Orbital Command  
  20  1:42  Reaper  
  21  2:02  Supply Depot  
  21  2:07  SCV  
  22  2:14  Reaper  
  23  2:23  SCV  
  23  2:25  Starport, Hellion  
  26  2:35  Supply Depot, SCV  
  27  2:46  Reaper  
  27  2:47  Hellion, SCV  
  31  2:59  Supply Depot  
  31  3:01  Medivac  
  33  3:09  Hellion  
  35  3:18  Barracks Tech Lab  
  35  3:23  Command Center  
  35  3:25  SCV  
  36  3:42  SCV  
  36  3:45  Barracks Reactor  
  36  3:47  Factory Tech Lab  
  37  3:50  Cloaking Field  
  37  3:51  Banshee  
  35  4:20  SCV  
  30  4:27  Command Center  
  30  4:32  SCV  
  30  4:33  Siege Tank  
  30  4:34  Banshee  
  37  4:40  Orbital Command  
  37  4:44  SCV  
  38  4:56  SCV  
  39  5:06  Barracks  
  39  5:07  Barracks, Siege Tank  
  42  5:08  SCV  
  42  5:09  Marine, SCV  
  45  5:20  SCV  
  45  5:21  SCV  
  47  5:27  Marine x2  
  49  5:28  Starport Reactor  
  49  5:31  Supply Depot  
  49  5:32  SCV  
  49  5:33  SCV  
  51  5:44  SCV  
  51  5:49  SCV  
  50  5:57  Engineering Bay, Orbital Command  
  50  5:58  Engineering Bay, Barracks Tech Lab  
  50  6:02  Marine x2  
  52  6:05  SCV  
  52  6:06  SCV  
  52  6:10  Barracks  
  51  6:13  Refinery x2  
  51  6:17  Marine, Medivac x2, SCV  
  51  6:18  SCV  
  58  6:19  Marine  
  58  6:20  Marine x2  
  62  6:32  SCV  
  62  6:33  SCV  
  62  6:34  Marine  
  62  6:37  Marine  
  62  6:38  Marine x2  
  67  6:40  Supply Depot  
  67  6:44  SCV  
  67  6:45  SCV, Orbital Command  
  69  6:52  Marine  
  70  6:57  SCV  
  71  7:02  Marine  
  71  7:03  Marine x2  
  69  7:10  Marine  
  69  7:12  SCV  
  69  7:13  SCV x2  
  62  7:20  Marine  
  62  7:21  Marine x2  
  65  7:24  SCV  
  65  7:28  Marine  
  52  7:37  SCV x2  
  52  7:38  SCV  
Tags
 
Add a new tag
Caveats
  • Supply blocks, unpowered buildings, or Contaminate may cause inaccurate times.
  • Supply counts are checked every 10 seconds.